 Dungeon Crawl Stone Soup version 0.28.0-45-g0d030f2227 (webtiles) character file.

Game seed: 7991077218532907693

58 dianekeaton the Chopper (level 4, 0/39 HPs)
             Began as a Hill Orc Fighter on Apr 4, 2022.
             Slain by Natasha (2 damage)
             ... on level 2 of the Dungeon.
             The game lasted 00:03:19 (1101 turns).

dianekeaton the Chopper (Hill Orc Fighter)          Turns: 1101, Time: 00:03:20

Health: 0/39       AC:  6    Str: 20    XL:     4   Next: 1%
Magic:  4/4        EV:  9    Int:  8    God:
Gold:   27         SH:  5    Dex: 10    Spells: 3/3 levels left

rFire   . . .      SeeInvis .   a - +0 war axe
rCold   . . .      Faith    .   c - +1 buckler
rNeg    . . .      Spirit   .   b - +0 scale mail
rPois   .          Reflect  .   (no helmet)
rElec   .          Harm     .   (no cloak)
rCorr   .          Rampage  .   (no gloves)
Will    .....                   (no boots)
Stlth   ..........              (no amulet)
HPRegen 0.13/turn               (no ring)
MPRegen 0.09/turn               (no ring)

@: mighty, slowed, very slow
A: no striking features
a: no special abilities


You were on level 2 of the Dungeon.
You visited 1 branch of the dungeon, and saw 2 of its levels.

You collected 27 gold pieces.

Inventory:

Hand Weapons
 a - a +0 war axe (weapon)
Missiles
 h - 2 poisoned darts (quivered)
Armour
 b - a +0 scale mail (worn)
 c - a +1 buckler (worn)
Jewellery
 f - a ring of see invisible
Scrolls
 e - a scroll of identify
 j - a scroll of blinking {unknown}
Potions
 d - a potion of might
 g - a potion of brilliance {unknown}
 i - a potion of ambrosia


   Skills:
 - Level 3.6 Fighting
 + Level 5.4 Axes
 - Level 3.2 Armour
 + Level 0.2 Dodging
 - Level 0.1 Stealth
 - Level 3.2 Shields


You had 3 spell levels left.
You didn't know any spells.
Your spell library was empty.

Dungeon Overview and Level Annotations

Branches:
Dungeon (2/15)

Altars:

Shops:
D:1 *

Annotations:
D:2 Natasha


Message History

You resist with some effort. Natasha closely misses you.
You hit Natasha.
Natasha is moderately wounded.
Natasha claws you. Natasha closely misses you.
You closely miss Natasha.
Natasha is moderately wounded.
Natasha claws you. Natasha claws you but does no damage.
Throw: 3 darts (poison)
Press: ? - help, Q - select action Shift-Dir - straight line, f - Natasha
Aim: Natasha (moderately wounded, 47% to hit)
You throw a poisoned dart. The poisoned dart hits Natasha.
Natasha is moderately wounded.
Natasha barely misses you.
You feel very mighty all of a sudden. Natasha closely misses you.
Natasha claws you.
You barely miss Natasha.
Natasha is moderately wounded.
Natasha claws you!
* * * LOW HITPOINT WARNING * * *
Natasha claws you.
* * * LOW HITPOINT WARNING * * *
You barely miss Natasha.
Natasha is moderately wounded.
Natasha closely misses you. Natasha closely misses you.
Natasha casts a spell.
The crimson imp blinks!
You block Natasha's attack.
You closely miss Natasha.
Natasha is moderately wounded.
Natasha stares at you and mumbles some strange words.
You feel as though you will be slow longer.
Natasha barely misses you. Natasha casts a spell at you.
The magic dart hits you.
* * * LOW HITPOINT WARNING * * *
You closely miss Natasha.
Natasha is moderately wounded.
You block Natasha's attack. Natasha claws you.
You die...

♣# ............#.#
.. ##.##.......#.#
#.###.##^#####.#.#
.> ..##. #.#.#
#.#..##. #.#.#
#..#.##. #.#.#
###.#.##.# #.#.#
....†..#.# #.#.#
###....#.# #.#@#
.......#.#####.#h#
###......#.....#5#
.........#.###.#.#
....#....#.# ###.#
....##...#.### #.#
....##......<# #.#
....###..#######(#
....# #..#.......#


You could see Natasha and a crimson imp (summoned).

Vanquished Creatures
  Natasha (D:2)
  3 dart slugs
  A ball python (D:2)
  A giant cockroach (D:1)
  3 goblins
  3 hobgoblins
  4 jackals (D:1)
  A kobold (D:1)
  A quokka (D:2)
  3 bats (D:1)
  4 rats
25 creatures vanquished.

Vanquished Creatures (others)
  A plant (D:2)
1 creature vanquished.

Grand Total: 26 creatures vanquished

Notes
Turn   | Place    | Note
-------+----------+-------------------------------------------
     0 | D:1      | dianekeaton the Hill Orc Fighter began the quest for the
                  | Orb.
     0 | D:1      | Reached XP level 1. HP: 19/19 MP: 1/1
    44 | D:1      | Found Syrchid's Assorted Antiques.
    51 | D:1      | Reached skill level 3 in Axes
   165 | D:1      | Reached XP level 2. HP: 19/26 MP: 2/2
   381 | D:1      | Reached skill level 4 in Axes
   572 | D:1      | Reached XP level 3. HP: 29/31 MP: 3/3
   921 | D:2      | Noticed Natasha
   934 | D:2      | Killed Natasha
   935 | D:2      | Reached skill level 5 in Axes
  1070 | D:2      | Noticed Natasha
  1079 | D:2      | Reached XP level 4. HP: 23/39 MP: 4/4
  1099 | D:2      | HP: 1/39 [Natasha/magic dart (4)]
  1101 | D:2      | Slain by Natasha

Illustrated notes

Levels and vault maps discovered:
D:1:      dpeg_arrival_pond, layout_basic, serial_shops,
          nicolae_shop_competitors_out_of_business, lemuel_old_faithful
D:2:      layout_basic, minmay_misc_feat_columns, serial_bayou_crossing,
          uniq_natasha

Skill      XL: |  1  2  3 |
---------------+----------+-----
Axes           | 3 4 5 |  5.4
Fighting       | |  3.6
Armour         | |  3.2
Dodging        | |  0.2
Stealth        | |  0.1
Shields        | |  3.2

Action                   |  1- 3 |  4- 6 || total
-------------------------+-------+-------++-------
Melee: War axe           |    67 |     6 ||    73
Throw: Dart              |     1 |     1 ||     2
  Use: Scroll            |     4 |       ||     4
       Potion            |       |     1 ||     1
Armor: Scale mail        |    31 |     1 ||    32
Dodge: Dodged            |    35 |     7 ||    42
Block: Buckler           |    22 |     3 ||    25
